 Dungeon Crawl Stone Soup version 0.17.0-28-g6e173f8 (webtiles) character file.

1516 PossumBlood the Basher (level 8, -1/71 HPs)
             Began as a Minotaur Fighter on Dec 2, 2015.
             Was an Initiate of Okawaru.
             Succumbed to an orc warrior's poison
             ... on level 6 of the Dungeon.
             The game lasted 00:12:45 (4751 turns).

PossumBlood the Basher (Minotaur Fighter)           Turns: 4751, Time: 00:12:45

Health: -1/71      AC: 16    Str: 22    XL:     8   Next: 53%
Magic:  7/7        EV:  5    Int:  5    God:    Okawaru [......]
Gold:   257        SH: 12    Dex: 11    Spells: 0 memorised, 7 levels left

rFire  . . .     SeeInvis +     a - +1 flail
rCold  . . .     Clarity  .     u - +0 plate armour
rNeg   + . .     SustAt   .     c - +0 shield
rPois  .         Gourm    .     (helmet restricted)
rElec  .         Spirit   .     (no cloak)
rCorr  .         Warding  .     s - +0 pair of gloves
rMut   .         Stasis   .     (no boots)
MR     .....                    e - amulet of rage
Stlth  ..........               p - ring of see invisible
                                h - ring of positive energy

@: lethally poisoned (-1 -> -23), not resistant to hostile enchantments,
extremely unstealthy
A: retaliatory headbutt, horns 2, large bone plates 1, deterioration 1, spit
poison 1
a: Spit Poison, Renounce Religion, Evoke Berserk Rage


You were on level 6 of the Dungeon.
You worshipped Okawaru.
Okawaru was noncommittal.
You were not hungry.

You visited 2 branches of the dungeon, and saw 7 of its levels.
You also visited: Sewer.

You collected 257 gold pieces.

Inventory:

Hand Weapons
 a - a +1 flail (weapon)
 q - a +3 war axe
Missiles
 t - 3 tomahawks (quivered)
Armour
 c - a +0 shield (worn)
 s - a +0 pair of gloves (worn)
 u - a +0 plate armour (worn)
Jewellery
 e - an amulet of rage (around neck)
 h - a ring of positive energy (left hand)
 p - a ring of see invisible (right hand)
Scrolls
 d - a scroll of teleportation
 i - 3 scrolls of remove curse
 k - 4 scrolls of identify
 r - a scroll of blinking
Potions
 l - a potion of cancellation
Books
 n - a book of Clouds

   Spells                             Type                      Level
   a - Mephitic Cloud                 Conjuration/Poison/Air       3
   b - Conjure Flame                  Conjuration/Fire             3
   c - Poisonous Cloud                Conjuration/Poison/Air       6
   d - Freezing Cloud                 Conjuration/Ice/Air          6
   e - Ring of Flames                 Charms/Fire                  7
Comestibles
 j - 2 meat rations
 m - 5 bread rations
 o - 2 beef jerkies


   Skills:
 + Level 6.6 Fighting
 * Level 8.2 Maces & Flails
 + Level 7.2 Armour
 + Level 6.7 Shields


You had 7 spell levels left.
You didn't know any spells.

Dungeon Overview and Level Annotations

Branches:
Dungeon (6/15)             Temple (1/1) D:5

Altars:
Ashenzari
Cheibriados
Dithmenos
Fedhas
Gozag
Makhleb
Nemelex Xobeh
Okawaru
Qazlal
Sif Muna
Trog
Vehumet
Xom
Yredelemnul
Zin
The Shining One

Shops:
D:5 *


Innate Abilities, Weirdness & Mutations

You reflexively headbutt those who attack you in melee.
You have a pair of horns on your head.
You are partially covered in large bone plates (AC +2, SH +2).
Your body sometimes deteriorates upon taking damage.
You can spit weak poison.


Message History

A jackal comes into view.
You closely miss the orc wizard.
The jackal barks!
You headbutt the orc wizard!
The orc wizard is heavily wounded.
* * * LOW HITPOINT WARNING * * *
You feel very sick. The orc wizard barely misses you. You furiously retaliate!
You headbutt the orc wizard!
You kill the orc wizard!
Okawaru accepts your kill.
The centaur shoots an arrow.
You block the arrow.
The jackal moves out of view.
A jackal comes into view.
You closely miss the orc wizard.
* * * LOW HITPOINT WARNING * * *
You feel sick. You block the orc wizard's attack.
Your plate armour prevents you from hitting the orc wizard.
You headbutt the orc wizard.
The orc wizard is moderately wounded.
You die...

#.. #..
#ยง. #.o
#.. .####.<
/....oF####
#co@)###
.....5###.h
... ###..
.. ..? . ..
.


You could see a giant frog, a centaur, an orc wizard, a shadow imp, an orc and 2
jackals.

Vanquished Creatures
  A water moccasin (D:5)
  2 sky beasts (D:5)
  An orc warrior (D:6)
  The ghost of Gargoyl the Skirmisher, an amateur DsAK of Lugonu (D:4)
  A centaur (D:5)
  4 big kobolds (Sewer)
  A giant frog (D:5)
  Blork the orc (D:4)
  A scorpion (D:4)
  3 orc wizards
  2 jellies (D:5)
  A giant frog skeleton (D:4)
  Natasha (thrice) (D:4)
  A worker ant (D:5)
  9 adders
  2 river rats (Sewer)
  A shadow imp (D:5)
  4 oozes
  5 worms
  An adder skeleton (D:4)
  14 giant geckos
  10 orcs
  7 giant cockroaches
  5 goblins
  3 hobgoblins (D:1)
  6 jackals
  8 kobolds
  2 quokkas
  5 ball pythons
  10 bats
  3 giant newts
  A quokka skeleton (D:5)
  A quokka zombie (D:5)
  19 rats
  A rat zombie (D:5)
140 creatures vanquished.

Vanquished Creatures (others)
  5 sheep (D:4)
5 creatures vanquished.

Grand Total: 145 creatures vanquished

Notes
Turn   | Place    | Note
--------------------------------------------------------------
     0 | D:1      | PossumBlood the Minotaur Fighter began the quest for the Orb.
     0 | D:1      | Reached XP level 1. HP: 19/19 MP: 0/0
   312 | D:1      | Reached XP level 2. HP: 24/27 MP: 1/1
   698 | D:1      | Reached skill level 4 in Fighting
   928 | D:2      | Reached XP level 3. HP: 23/33 MP: 2/2
  1830 | D:3      | Reached XP level 4. HP: 40/40 MP: 3/3
  2112 | D:4      | Noticed Natasha
  2115 | D:4      | Killed Natasha
  2130 | D:4      | Reached XP level 5. HP: 43/47 MP: 4/4
  2148 | D:4      | Noticed Gargoyl's ghost (amateur DsAK)
  2149 | D:4      | Noticed Natasha
  2160 | D:4      | Killed Gargoyl's ghost
  2160 | D:4      | Reached skill level 5 in Armour
  2162 | D:4      | Killed Natasha
  2168 | D:4      | Reached skill level 5 in Shields
  2168 | D:4      | Reached XP level 6. HP: 38/55 MP: 5/5
  2173 | D:4      | Reached skill level 5 in Fighting
  2177 | D:4      | Reached skill level 5 in Maces & Flails
  2214 | D:4      | Noticed Natasha
  2217 | D:4      | Killed Natasha
  2368 | D:4      | Found a glowing drain.
  2383 | Sewer    | Entered a sewer
  2611 | Sewer    | Reached XP level 7. HP: 42/61 MP: 6/6
  3012 | Sewer    | Reached skill level 6 in Maces & Flails
  3389 | D:4      | Noticed Blork the orc
  3398 | D:4      | Killed Blork the orc
  3634 | D:4      | Found a shimmering altar of Xom.
  3752 | D:5      | Entered Level 5 of the Dungeon
  3852 | D:5      | Reached skill level 7 in Maces & Flails
  3863 | D:5      | Reached XP level 8. HP: 58/70 MP: 7/7
  3870 | D:5      | Found a glowing golden altar of the Shining One.
  3900 | D:5      | Gained mutation: Your body sometimes deteriorates upon taking damage. [potion of mutation]
  3900 | D:5      | Gained mutation: You can spit weak poison. [potion of mutation]
  3900 | D:5      | Gained mutation: You are partially covered in large bone plates (AC +2, SH +2). [potion of mutation]
  3918 | D:5      | Found Fiprughe's Elemental Accessories.
  4506 | D:5      | Found a staircase to the Ecumenical Temple.
  4515 | Temple   | Entered the Ecumenical Temple
  4535 | Temple   | Became a worshipper of Warmaster Okawaru
  4747 | D:6      | Reached skill level 8 in Maces & Flails
  4750 | D:6      | HP: 2/71 [poisoned by an orc warrior]
  4751 | D:6      | Succumbed to an orc warrior's poison

Action                   |  1- 3 |  4- 6 |  7- 9 || total
-------------------------+-------+-------+-------++-------
Melee: Flail             |   114 |   151 |   198 ||   463
  Use: Scroll            |     6 |     2 |     1 ||     9
       Potion            |     3 |     3 |     2 ||     8
  Eat: Bread ration      |     1 |       |       ||     1
       Fruit             |       |     3 |     6 ||     9
       Royal jelly       |       |       |     1 ||     1
